 Dungeon Sprint DCSS version 0.30-a0-1043-g60ff8d5f49 (webtiles) character file.

Game seed: 5778954140155679785

5100000 Danienth the Conqueror (level 22, -2/254 HPs)
             Began as a Demonspawn Monk on Apr 9, 2023.
             Was the Champion of Makhleb.
             Slain by a destroyer
             ... wielding a +9 heavy great sword
              (93 damage)
             ... in the Dungeon (Sprint VIII: "Arena of Blood").
             The game lasted 00:04:53 (51 turns).

Danienth the Conqueror (Demonspawn Monk)              Turns: 51, Time: 00:04:54

Health: -2/254     AC:  7    Str: 16    XL:     22   Next: 93%
Magic:  41/41      EV: 37    Int: 14    God:    Makhleb [******]
Gold:   0          SH:  0    Dex: 20    Spells: 51/51 levels left

rFire   . . .      SeeInvis +    j - +∞ Axe of Woe
rCold   . . .      Faith    .    (shield currently unavailable)
rNeg    . . .      Spirit   .    b - +0 robe
rPois   .          Reflect  .    (helmet unavailable)
rElec   .          Rampage  .    (no cloak)
rCorr   +          NoTele   +    (no gloves)
Will    +....                    (no boots)
Stlth   ++++++++++               (no amulet)
HPRegen 0.62/turn                (no ring)
MPRegen 0.27/turn                (no ring)

@: mighty, agile
A: antennae 3, yellow scales 3, powered by pain 3, robust 2, demonic magic 2
a: Renounce Religion, Minor Destruction, Lesser Servant of Makhleb, Major
Destruction, Greater Servant of Makhleb


You were in the Dungeon.
You worshipped Makhleb.
Makhleb was exalted by your worship.
You visited 1 branch

Inventory:

Hand Weapons
 a - a +0 hand axe
 j - the +∞ Axe of Woe (weapon)
   (You found it in the Dungeon)
Armour
 b - a +0 robe (worn)
Scrolls
 i - a scroll of blinking
Potions
 c - a potion of ambrosia
 d - a potion of curing
 e - a potion of heal wounds
 f - a potion of haste
 g - 2 potions of magic
 h - a potion of berserk rage


   Skills:
 O Level 27 Fighting
 + Level 15.3(17.9) Short Blades
 + Level 15.3(17.9) Long Blades
 O Level 27 Axes
 + Level 15.3(24.4) Maces & Flails
 + Level 15.3(24.4) Polearms
 + Level 15.3(20.0) Staves
 + Level 15.3 Ranged Weapons
 + Level 15.3 Throwing
 + Level 15.3 Armour
 O Level 27 Dodging
 O Level 27 Stealth
 + Level 15.3 Shields
 + Level 15.3 Unarmed Combat
 + Level 15.3 Spellcasting
 + Level 16.5 Conjurations
 + Level 18.3 Hexes
 + Level 16.5 Summonings
 + Level 17.9 Necromancy
 + Level 15.3 Translocations
 + Level 15.3 Transmutations
 + Level 15.3 Fire Magic
 + Level 15.3 Ice Magic
 + Level 15.3 Air Magic
 + Level 15.3 Earth Magic
 + Level 18.3 Poison Magic
 + Level 23.1 Invocations
 + Level 18.4 Evocations


You had 51 spell levels left.
You didn't know any spells.
Your spell library was empty.

Dungeon Overview and Level Annotations

Branches:
Dungeon (1/1)

Altars:
Makhleb


Innate Abilities, Weirdness & Mutations

You have a pair of large antennae on your head. (SInv)
You are completely covered in yellow scales. (AC +4, rCorr)
You are powered by pain.
You are very robust. (+20% HP)
Spells you cast may paralyse nearby enemies.


Message History

Your base Long Blades skill increases to level 15!
Your base Maces & Flails skill increases to level 15!
Your base Polearms skill increases to level 15!
Your base Staves skill increases to level 15!
Your Ranged Weapons skill increases to level 15!
Your Throwing skill increases to level 15!
Your Armour skill increases to level 15!
Your Shields skill increases to level 15!
Your Unarmed Combat skill increases to level 15!
Your Spellcasting skill increases to level 15!
Your Conjurations skill increases to level 16!
Your Hexes skill increases to level 18!
Your Summonings skill increases to level 16!
Your Translocations skill increases to level 15!
Your Transmutations skill increases to level 15!
Your Fire Magic skill increases to level 15!
Your Ice Magic skill increases to level 15!
Your Air Magic skill increases to level 15!
Your Earth Magic skill increases to level 15!
Your Poison Magic skill increases to level 18!
Your Invocations skill increases to level 23!
Your Evocations skill increases to level 18! 2 bags of meat, an eight-headed meat hydra and 2 accurseds come into view.
The bag of meat shouts!
You hear a shout!
The meat berserker misses you.
You hear a shout!
The eight-headed meat hydra calls on the powers of darkness!
The eight-headed meat hydra convulses!
The bag of meat convulses! x2
The meat berserker convulses! x2; Your body is wracked with pain!
You focus on the pain.
You feel more agile all of a sudden.
You hear a shout! x3
The destroyer points at you and mumbles some strange words.
The destroyer blinks!
A meat berserker comes into view. It is wielding a +9 battleaxe.
The meat berserker hits you with a +9 battleaxe!!
You focus on the pain.
You feel your power returning.
You hear a shout! x2
The destroyer hits you with a +9 heavy great sword!!!!
You die...

.#... #... ..#
#D.....###..O ..###.
.......Mo...o###......
....§#o......._......
...#....V..#)..M.#
#......§...#_)<._#
...#..V..)°#)....#..
.....#.OOV)))._......
......))@.)))###......
......§§###.......###.
......§)§.#.......#
.......§.§#.......#
.#....o............
#M#.#zO..o.........
.#.#...............
#.#.#O.........
.#.#.o..o#.O...


You could see 3 accurseds, an eight-headed meat hydra, 3 destroyers, a sculptor
of flesh, a large bag of meat (inner flame), 4 meat berserkers and 4 bags of
meat.

Vanquished Creatures
  10 vampire knights (D)
  12 ogres (D)
  2 two-headed ogres (D)
  30 orcs (D)
  A skeletal warrior (D)
55 creatures vanquished.

Notes
Turn   | Place    | Note
-------+----------+-------------------------------------------
     0 | D        | Found the +∞ Axe of Woe
     0 | D        | Danienth the Demonspawn Monk began the quest for the Orb.
     0 | D        | Reached XP level 1. HP: 18/18 MP: 1/1
     2 | D        | Noticed a bag of meat
     3 | D        | Became a worshipper of Makhleb the Destroyer
     3 | D        | Reached * piety under Makhleb
     3 | D        | Reached ** piety under Makhleb
     5 | D        | Noticed a bag of meat
     5 | D        | Killed a bag of meat
     6 | D        | Reached skill level 15 in Fighting
     6 | D        | Gained mutation: You are partially covered in yellow
                  | scales. (AC +2) [demonic ancestry]
     6 | D        | Reached XP level 2. HP: 44/44 MP: 2/2
     6 | D        | Gained mutation: You are mostly covered in yellow scales.
                  | (AC +3) [demonic ancestry]
     6 | D        | Reached XP level 3. HP: 50/50 MP: 3/3
     6 | D        | Reached XP level 4. HP: 57/57 MP: 4/4
     6 | D        | Reached XP level 5. HP: 63/63 MP: 5/5
     6 | D        | Gained mutation: You have a pair of small antennae on your
                  | head. [demonic ancestry]
     6 | D        | Reached XP level 6. HP: 70/70 MP: 6/6
     6 | D        | Reached XP level 7. HP: 76/76 MP: 7/7
     6 | D        | Gained mutation: You have a pair of antennae on your head.
                  | [demonic ancestry]
     6 | D        | Reached XP level 8. HP: 83/83 MP: 8/8
     6 | D        | Reached XP level 9. HP: 89/89 MP: 9/9
     6 | D        | Gained mutation: Spells you cast may paralyse adjacent
                  | enemies. [demonic ancestry]
     6 | D        | Reached XP level 10. HP: 96/96 MP: 10/10
     6 | D        | Noticed a bag of meat
     7 | D        | Noticed a bag of meat
     7 | D        | Killed a bag of meat
     7 | D        | Noticed a meat berserker
     8 | D        | Reached skill level 15 in Dodging
     8 | D        | Gained mutation: You sometimes gain a little power by
                  | taking damage. [demonic ancestry]
     8 | D        | Reached XP level 11. HP: 107/107 MP: 11/11
    10 | D        | Killed a bag of meat
    11 | D        | Gained mutation: You sometimes gain power by taking damage.
                  | [demonic ancestry]
    11 | D        | Reached XP level 12. HP: 87/117 MP: 12/12
    11 | D        | Killed a meat berserker
    11 | D        | Reached *** piety under Makhleb
    11 | D        | Killed a bag of meat
    11 | D        | Noticed a meat berserker
    12 | D        | Reached XP level 13. HP: 97/130 MP: 13/13
    13 | D        | Killed a meat berserker
    13 | D        | Noticed a bag of meat
    14 | D        | Gained mutation: You have a pair of large antennae on your
                  | head. (SInv) [demonic ancestry]
    14 | D        | Reached XP level 14. HP: 137/141 MP: 14/14
    14 | D        | Noticed a meat berserker
    14 | D        | Noticed a bag of meat
    14 | D        | Noticed a meat berserker
    15 | D        | Noticed a bag of meat
    15 | D        | Noticed a bag of meat
    15 | D        | Noticed a bag of meat
    15 | D        | Noticed a meat berserker
    15 | D        | Noticed a bag of meat
    15 | D        | Noticed a bag of meat
    15 | D        | Noticed a bag of meat
    15 | D        | Noticed a bag of meat
    16 | D        | Killed a meat berserker
    16 | D        | Reached **** piety under Makhleb
    16 | D        | Killed a meat berserker
    16 | D        | Noticed a bag of meat
    16 | D        | Noticed a bag of meat
    17 | D        | Gained mutation: Spells you cast may paralyse nearby
                  | enemies. [demonic ancestry]
    17 | D        | Reached XP level 15. HP: 155/155 MP: 15/15
    18 | D        | Reached skill level 10 in Stealth
    18 | D        | Reached ***** piety under Makhleb
    19 | D        | Killed a meat berserker
    20 | D        | Reached skill level 27 in Fighting
    20 | D        | Reached skill level 27 in Axes
    20 | D        | Gained mutation: You are completely covered in yellow
                  | scales. (AC +4, rCorr) [demonic ancestry]
    20 | D        | Reached XP level 16. HP: 167/167 MP: 16/16
    20 | D        | Noticed a destroyer
    20 | D        | Noticed a meat berserker
    21 | D        | Noticed a meat berserker
    22 | D        | Reached skill level 27 in Dodging
    22 | D        | Reached skill level 15 in Stealth
    22 | D        | Noticed a large bag of meat
    24 | D        | Killed a destroyer
    24 | D        | Reached ****** piety under Makhleb
    24 | D        | Noticed a meat berserker
    25 | D        | Reached skill level 27 in Stealth
    25 | D        | Gained mutation: You are robust. (+10% HP) [demonic
                  | ancestry]
    25 | D        | Reached XP level 17. HP: 167/191 MP: 17/17
    25 | D        | Killed a meat berserker
    26 | D        | Reached skill level 5 in Invocations
    27 | D        | Reached skill level 5 in Hexes
    27 | D        | Reached skill level 5 in Poison Magic
    27 | D        | Reached skill level 5 in Evocations
    28 | D        | Reached skill level 5 in Conjurations
    28 | D        | Reached skill level 5 in Summonings
    28 | D        | Reached skill level 5 in Necromancy
    28 | D        | Gained mutation: You are very robust. (+20% HP) [demonic
                  | ancestry]
    28 | D        | Reached XP level 18. HP: 191/218 MP: 17/25
    28 | D        | Killed a meat berserker
    29 | D        | Reached skill level 5 in Short Blades
    29 | D        | Reached skill level 5 in Long Blades
    29 | D        | Reached skill level 5 in Maces & Flails
    29 | D        | Reached skill level 5 in Polearms
    29 | D        | Reached skill level 5 in Staves
    29 | D        | Reached skill level 5 in Ranged Weapons
    29 | D        | Reached skill level 5 in Throwing
    29 | D        | Reached skill level 5 in Armour
    29 | D        | Reached skill level 5 in Shields
    29 | D        | Reached skill level 5 in Unarmed Combat
    29 | D        | Reached skill level 5 in Spellcasting
    29 | D        | Reached skill level 5 in Translocations
    29 | D        | Reached skill level 5 in Transmutations
    29 | D        | Reached skill level 5 in Fire Magic
    29 | D        | Reached skill level 5 in Ice Magic
    29 | D        | Reached skill level 5 in Air Magic
    29 | D        | Reached skill level 5 in Earth Magic
    29 | D        | Noticed a meat berserker
    30 | D        | Reached skill level 10 in Invocations
    30 | D        | Noticed a destroyer
    31 | D        | Killed a large bag of meat
    31 | D        | Killed a meat berserker
    32 | D        | Gained mutation: You are powered by pain. [demonic
                  | ancestry]
    32 | D        | Reached XP level 19. HP: 186/226 MP: 27/30
    34 | D        | Reached skill level 10 in Hexes
    34 | D        | Reached skill level 10 in Necromancy
    34 | D        | Reached skill level 10 in Poison Magic
    34 | D        | Reached skill level 10 in Evocations
    35 | D        | Killed a meat berserker
    35 | D        | Killed a destroyer
    36 | D        | Reached skill level 10 in Conjurations
    36 | D        | Reached skill level 10 in Summonings
    36 | D        | Reached skill level 15 in Invocations
    37 | D        | Reached skill level 10 in Short Blades
    37 | D        | Reached skill level 10 in Long Blades
    37 | D        | Reached skill level 10 in Maces & Flails
    37 | D        | Reached skill level 10 in Polearms
    37 | D        | Reached skill level 10 in Staves
    37 | D        | Reached skill level 10 in Ranged Weapons
    37 | D        | Reached skill level 10 in Throwing
    37 | D        | Reached skill level 10 in Armour
    37 | D        | Reached skill level 10 in Shields
    37 | D        | Reached skill level 10 in Unarmed Combat
    37 | D        | Reached skill level 10 in Spellcasting
    37 | D        | Reached skill level 10 in Translocations
    37 | D        | Reached skill level 10 in Transmutations
    37 | D        | Reached skill level 10 in Fire Magic
    37 | D        | Reached skill level 10 in Ice Magic
    37 | D        | Reached skill level 10 in Air Magic
    37 | D        | Reached skill level 10 in Earth Magic
    37 | D        | Reached XP level 20. HP: 236/236 MP: 28/34
    38 | D        | Noticed a meat berserker
    38 | D        | Noticed a large bag of meat
    38 | D        | Noticed a destroyer
    38 | D        | Noticed a destroyer
    39 | D        | Noticed a destroyer
    40 | D        | Killed a destroyer
    40 | D        | Noticed a destroyer
    41 | D        | Noticed a destroyer
    41 | D        | Noticed a destroyer
    41 | D        | Noticed a destroyer
    42 | D        | Killed a destroyer
    42 | D        | Killed a destroyer
    42 | D        | Noticed a meat berserker
    43 | D        | Reached XP level 21. HP: 225/244 MP: 36/36
    44 | D        | Noticed a large bag of meat
    44 | D        | Noticed a destroyer
    45 | D        | Killed a large bag of meat
    45 | D        | Killed a destroyer
    46 | D        | Reached skill level 15 in Hexes
    46 | D        | Reached skill level 15 in Necromancy
    46 | D        | Reached skill level 15 in Poison Magic
    46 | D        | Reached skill level 15 in Evocations
    46 | D        | Noticed a large bag of meat
    46 | D        | Killed a destroyer
    46 | D        | Noticed a destroyer
    47 | D        | Killed a destroyer
    47 | D        | Noticed a destroyer
    48 | D        | Reached skill level 15 in Conjurations
    48 | D        | Reached skill level 15 in Summonings
    48 | D        | Reached XP level 22. HP: 202/254 MP: 39/39
    48 | D        | Killed a destroyer
    48 | D        | Killed a destroyer
    48 | D        | Noticed a destroyer
    50 | D        | Noticed an accursed
    51 | D        | Reached skill level 15 in Short Blades
    51 | D        | Reached skill level 15 in Long Blades
    51 | D        | Reached skill level 15 in Maces & Flails
    51 | D        | Reached skill level 15 in Polearms
    51 | D        | Reached skill level 15 in Staves
    51 | D        | Reached skill level 15 in Ranged Weapons
    51 | D        | Reached skill level 15 in Throwing
    51 | D        | Reached skill level 15 in Armour
    51 | D        | Reached skill level 15 in Shields
    51 | D        | Reached skill level 15 in Unarmed Combat
    51 | D        | Reached skill level 15 in Spellcasting
    51 | D        | Reached skill level 15 in Translocations
    51 | D        | Reached skill level 15 in Transmutations
    51 | D        | Reached skill level 15 in Fire Magic
    51 | D        | Reached skill level 15 in Ice Magic
    51 | D        | Reached skill level 15 in Air Magic
    51 | D        | Reached skill level 15 in Earth Magic
    51 | D        | Noticed an accursed
    51 | D        | Noticed an accursed
    51 | D        | Slain by a destroyer

Illustrated notes

Levels and vault maps discovered:
D:        meatsprint

Skill      XL: |  1  2  3  4  5  6  7  8  9 10 11 12 13 14 15 16 17 18 19 20 21 22 |
---------------+-------------------------------------------------------------------+-----
Fighting       | 15 17 18 21 22 25 27 | 27.0
Axes           | 13 16 17 20 22 24 27 | 27.0
Dodging        | 13 15 16 19 20 22 24 27 | 27.0
Stealth        | 6 7 8 9 10 27 | 27.0
Short Blades   | 4 7 10 11 13 15 | 15.3
Long Blades    | 4 7 10 11 13 15 | 15.3
Maces & Flails | 4 7 10 11 13 15 | 15.3
Polearms       | 4 7 10 11 13 15 | 15.3
Staves         | 4 7 10 11 13 15 | 15.3
Ranged Weapons | 4 7 10 11 13 15 | 15.3
Throwing       | 4 7 10 11 13 15 | 15.3
Armour         | 4 7 10 11 13 15 | 15.3
Shields        | 4 7 10 11 13 15 | 15.3
Unarmed Combat | 4 7 10 11 13 15 | 15.3
Spellcasting   | 4 7 10 11 13 15 | 15.3
Conjurations   | 5 8 10 12 15 16 | 16.5
Hexes          | 6 9 12 14 16 18 | 18.3
Summonings     | 5 8 10 13 15 16 | 16.5
Necromancy     | 5 9 11 14 16 17 | 17.9
Translocations | 4 7 10 11 13 15 | 15.3
Transmutations | 4 7 10 11 13 15 | 15.3
Fire Magic     | 4 7 10 11 13 15 | 15.3
Ice Magic      | 4 7 10 11 13 15 | 15.3
Air Magic      | 4 7 10 11 13 15 | 15.3
Earth Magic    | 4 7 10 11 13 15 | 15.3
Poison Magic   | 6 9 12 14 16 18 | 18.3
Invocations    | 8 11 15 18 21 23 | 23.1
Evocations     | 6 9 12 14 16 18 | 18.4

Action                     |  1- 3 |  4- 6 |  7- 9 | 10-12 | 13-15 | 16-18 | 19-21 | 22-24 || total
---------------------------+-------+-------+-------+-------+-------+-------+-------+-------++-------
  Melee: Executioner's axe |     1 |       |       |     3 |     5 |    10 |    12 |     3 ||    34
  Dodge: Dodged            |       |       |       |       |       |     1 |     1 |     1 ||     3

Table legend: (Time is in decaauts)
 A = Elapsed time spent in this place.
 B = Non-inter-level travel time spent in this place.
 C = Inter-level travel time spent in this place.
 D = Time resting spent in this place.
 E = Time spent auto-exploring this place.
 F = Levels seen in this place.
 G = Mean time per level.
                   A        B        C        D        E       F      G
               +--------+--------+--------+--------+--------+-----+--------+
         Total |     42 |     41 |      1 |      0 |      0 |   1 |   42.0 |
       Dungeon |     42 |     41 |      1 |      0 |      0 |   1 |   42.0 |
               +--------+--------+--------+--------+--------+-----+--------+

Top non-repeatable levels by time:
       D: 42 daAuts
